 Dungeon Crawl Stone Soup version 0.31.0-9-g3a7656b989 (webtiles) character file.

Game seed: 16131387902859537207

503 groovy9 the Shooter (level 6, -2/56 HPs)
             Began as a Minotaur Hunter on Jan 25, 2024.
             Slain by Robin
             ... wielding a +0 whip
              (3 damage)
             ... on level 4 of the Dungeon.
             The game lasted 00:07:49 (3454 turns).

groovy9 the Shooter (Minotaur Hunter)               Turns: 3454, Time: 00:07:49

Health: -2/56      AC:  3    Str: 16    XL:     6   Next: 96%
Magic:  5/5        EV: 12    Int:  6    God:
Gold:   205        SH:  0    Dex: 15    Spells: 5/5 levels left

rFire   . . .        i - +0 short sword
rCold   . . .        (no shield)
rNeg    . . .        c - +0 leather armour
rPois   .            (helmet restricted)
rElec   .            (no cloak)
rCorr   .            (no gloves)
SInv    .            (no boots)
Will    .....        (no amulet)
Stlth   +            (no ring)
HPRegen 0.29/turn    (no ring)
MPRegen 0.09/turn

%: no passive effects
@: hasted, very quick
A: horns 2, retaliatory headbutt
a: no special abilities


You were on level 4 of the Dungeon.
You visited 1 branch of the dungeon, and saw 4 of its levels.

You collected 205 gold pieces.

Inventory:

Hand Weapons
 a - a +0 shortbow
 i - a +0 short sword (weapon)
Armour
 c - a +0 leather armour (worn)
Jewellery
 u - a ring of fire
Wands
 s - a wand of paralysis (6)
Scrolls
 b - 2 scrolls of butterflies
 d - a scroll of fog {unknown}
 g - 3 scrolls of teleportation {unknown}
 l - a scroll of amnesia {unknown}
 m - a scroll of vulnerability {unknown}
 n - a scroll of identify {unknown}
 p - a scroll of blinking {unknown}
 q - a scroll of silence {unknown}
 r - a scroll of revelation {unknown}
 t - a scroll of fear {unknown}
Potions
 e - 2 potions of curing {unknown}
 f - a potion of might {unknown}
 h - a potion of mutation {unknown}
 k - 2 potions of brilliance {unknown}
 o - a potion of heal wounds {unknown}


   Skills:
 + Level 5.5 Fighting
 * Level 7.9 Ranged Weapons
 - Level 2.1 Dodging
 - Level 0.7 Stealth


You had 5 spell levels left.
You didn't know any spells.
Your spell library contained the following spells:

 Spells                   Type           Power      Damage    Failure   Level
 Shock                    Conj/Air       0%         1d3       52%         1
 Summon Ice Beast         Ice/Summ       0%         N/A       88%         3
 Swiftness                Air            0%         N/A       88%         3
 Airstrike                Air            0%         2d(0-16)  99%         4
 Summon Mana Viper        Hex/Summ       0%         N/A       100%        5
 Monstrous Menagerie      Summ           0%         N/A       100%        7


Dungeon Overview and Level Annotations

Branches:
Dungeon (4/15)
 Temple: D:4-7

Altars:
Nemelex Xobeh

Annotations:
D:4 Robin


Innate Abilities, Weirdness & Mutations

You have a pair of horns on your head.
You reflexively headbutt those who attack you in melee.


Message History

The hobgoblin is heavily wounded.
Robin roars a battlecry!
The hobgoblin goes into a battle-frenzy!
The hobgoblin closely misses you.
You closely miss the hobgoblin.
The hobgoblin is heavily wounded.
The hobgoblin barely misses you.
You hit the hobgoblin.
You kill the hobgoblin!
The hobgoblin hits you.
* * * LOW HITPOINT WARNING * * *
Items here: )))) ††.
You hit the hobgoblin.
The hobgoblin is severely wounded.
Robin says, "A pitiful Minotaur like you will never find the ORB!"
The hobgoblin barely misses you.
You hit the hobgoblin but do no damage.
The hobgoblin is severely wounded.
You hit the hobgoblin but do no damage. You headbutt the hobgoblin.
You kill the hobgoblin!
You hit Robin. You headbutt Robin, but do no damage.
Robin is lightly wounded.
Robin hits you with a +0 whip.
* * * LOW HITPOINT WARNING * * *
You barely miss Robin. You headbutt Robin, but do no damage.
Robin is lightly wounded.
You barely miss Robin. You headbutt Robin.
Robin is heavily wounded.
Robin hits you with a +0 whip.
* * * LOW HITPOINT WARNING * * *
You hit Robin.
Robin is heavily wounded.
Robin misses you.
You barely miss Robin.
Robin is heavily wounded.
You hit Robin. You punch Robin.
Robin is almost dead.
Robin hits you with a +0 whip.
You die...
Robin calls out, "Let's celebrate!
Time for a feast!"

#########
#.######........
..gg.g.......#
.?g#####)###...
#g#### #@##..
#)##.# #)##.#
#.##.###.#
#........#
####.##### ###
#.# #.. ##.#####
#.#
##......#######..


You could see Robin.

Vanquished Creatures
  Sigmund (D:2)
  2 ogres
  An iguana (D:3)
  An adder (D:2)
  4 gnolls
  A ribbon worm (D:2)
  2 dart slugs
  9 orcs
  14 ball pythons
  8 endoplasms
  4 giant cockroaches
  13 goblins
  7 hobgoblins
  4 jackals (D:2)
  3 kobolds
  5 bats
  A frilled lizard (D:1)
  6 rats
86 creatures vanquished.

Notes
Turn   | Place    | Note
-------+----------+-------------------------------------------
     0 | D:1      | groovy9 the Minotaur Hunter began the quest for the Orb.
     0 | D:1      | Reached XP level 1. HP: 18/18 MP: 0/0
   238 | D:1      | Reached XP level 2. HP: 25/25 MP: 1/1
   456 | D:1      | Reached skill level 5 in Ranged Weapons
   697 | D:1      | Reached XP level 3. HP: 31/31 MP: 2/2
  1486 | D:2      | Noticed Sigmund
  1495 | D:2      | Killed Sigmund
  1496 | D:2      | Reached skill level 6 in Ranged Weapons
  1496 | D:2      | Reached XP level 4. HP: 15/41 MP: 3/3
  1496 | D:2      | Reached XP level 5. HP: 17/47 MP: 4/4
  2023 | D:3      | Noticed an ogre
  2304 | D:3      | Killed an ogre
  2305 | D:3      | Reached skill level 7 in Ranged Weapons
  2305 | D:3      | Reached XP level 6. HP: 27/55 MP: 5/5
  2490 | D:3      | Reached skill level 5 in Fighting
  2622 | D:3      | Found a sparkling altar of Nemelex Xobeh.
  2635 | D:3      | Found a faded altar of an unknown god.
  3418 | D:4      | Noticed Robin
  3451 | D:4      | HP: 1/56 [Robin/+0 whip (3)]
  3454 | D:4      | Slain by Robin

Illustrated notes

Levels and vault maps discovered:
D:1:      matt_arrival_refuge, layout_basic, chequers_serial_rivers_small_3,
          minmay_misc_feat_iff, nicolae_concentric_dashed_squares_wild
D:2:      layout_loops_corners, uniq_sigmund
D:3:      layout_loops_cross, nemelex_xobeh_ov_fountains_minmay,
          shapermc_ecumenical_altar_totnotflames
D:4:      layout_loops_corners, uniq_grinder, uniq_robin

Skill      XL: |  1  2  3  4  5  6 |
---------------+-------------------+-----
Ranged Weapons | 5 6 7 |  7.9
Fighting       | 3 4 5 |  5.5
Dodging        | |  2.1
Stealth        | |  0.7

Action                     |  1- 3 |  4- 6 || total
---------------------------+-------+-------++-------
  Melee: Short sword       |    10 |    68 ||    78
         Headbutt          |     4 |    14 ||    18
         Punch             |       |     1 ||     1
   Fire: Shortbow          |   108 |    74 ||   182
    Use: Potion            |       |     2 ||     2
 Armour: Leather armour    |    19 |    55 ||    74
  Dodge: Dodged            |    21 |    56 ||    77
